 Dungeon Crawl Stone Soup version 0.21.1-1-g345015f (webtiles) character file.

49 Falco the Grave Robber (level 3, 0/19 HPs)
             Began as a Deep Elf Necromancer on May 5, 2018.
             Succumbed to an adder's poison
             ... on level 2 of the Dungeon.
             The game lasted 00:08:26 (1336 turns).

Falco the Grave Robber (Deep Elf Necromancer)       Turns: 1336, Time: 00:08:27

Health: 0/19       AC:  2    Str:  5    XL:     3   Next: 51%
Magic:  3/10       EV: 13    Int: 20    God:
Gold:   43         SH:  0    Dex: 15    Spells: 8/10 levels left

rFire    . . .     SeeInvis .   g - +0 dagger
rCold    . . .     Gourm    +   (no shield)
rNeg     . . .     Faith    .   a - +0 robe
rPois    .         Spirit   .   (no helmet)
rElec    .         Reflect  .   (no cloak)
rCorr    .         Harm     .   (no gloves)
MR       .....                  (no boots)
Stlth    ++........             d - amulet of the gourmand
HPRegen  0.06/turn              (no ring)
MPRegen  0.12/turn              (no ring)

@: lethally poisoned (0 -> -4)
A: no striking features
a: no special abilities


You were on level 2 of the Dungeon.
You were not hungry.

You visited 1 branch of the dungeon, and saw 2 of its levels.

You collected 43 gold pieces.

Inventory:

Hand Weapons
 g - a +0 dagger (weapon)
Missiles
 h - 25 poisoned needles
 i - 56 stones (quivered)
 m - 22 sling bullets
Armour
 a - a +0 robe (worn)
Jewellery
 d - an amulet of the gourmand (around neck)
Books
 b - a book of Necromancy

   Spells                             Type                      Level
   a - Pain                           Necromancy                   1
   b - Animate Skeleton               Necromancy                   1
   c - Vampiric Draining              Necromancy                   3
   d - Regeneration                   Charms/Necromancy            3
   e - Animate Dead                   Necromancy                   4
   f - Borgnjor's Vile Clutch         Necromancy/Earth             5
Comestibles
 c - a ration


   Skills:
 + Level 2.5 Dodging
 + Level 2.6 Stealth
 + Level 4.1 Spellcasting
 + Level 5.7 Necromancy


You had 8 spell levels left.
You knew the following spells:

 Your Spells              Type           Power        Failure   Level  Hunger
a - Pain                  Necr           ####         1%          1    None
b - Animate Skeleton      Necr           N/A          1%          1    None


Dungeon Overview and Level Annotations

Branches:
Dungeon (2/15)

Altars:
Qazlal


Message History

The giant cockroach bites your adder skeleton.
The kobold completely misses your adder skeleton.
Your adder skeleton misses the kobold.
The giant cockroach completely misses your adder skeleton.
The kobold closely misses your adder skeleton.
Your adder skeleton bites the kobold.
The giant cockroach misses your adder skeleton.
* * * LOW HITPOINT WARNING * * *
You feel sick.
The kobold hits your adder skeleton with a dagger.
Your adder skeleton bites the kobold.
The giant cockroach bites your adder skeleton.
Your adder skeleton bites the kobold.
The kobold dies!
The giant cockroach barely misses your adder skeleton.
Your adder skeleton barely misses the giant cockroach.
The giant cockroach bites your adder skeleton.
Your adder skeleton barely misses the giant cockroach.
The giant cockroach barely misses your adder skeleton.
You die...

.....##...#.........
.....##............. ..
................... ...
.....###..#......####..#
.....#....#.............
.....#..................
....##.............[....
........................
....).......<...@.......
................##.##.##
......(.(.(.....# ....#
.....####...#.#.##....##
..!.## ###.#.#.....#..#
...## #...#.........
#### ####..........
#wZ....##.. #)s....# .


You could see a worm and a friendly adder skeleton.

Vanquished Creatures
  2 adders (D:2)
  An ooze (D:1)
  A dart slug (D:1)
  A bat (D:1)
  A giant cockroach (D:1)
  5 kobolds (D:1)
  A quokka (D:2)
  A frilled lizard (D:1)
  5 goblins (D:1)
  7 rats (D:1)
25 creatures vanquished.

Vanquished Creatures (collateral kills)
  A bat (D:1)
  A kobold (D:2)
2 creatures vanquished.

Grand Total: 27 creatures vanquished

Notes
Turn   | Place    | Note
-------+----------+-------------------------------------------
     0 | D:1      | Falco the Deep Elf Necromancer began the quest for the Orb.
     0 | D:1      | Reached XP level 1. HP: 10/10 MP: 6/6
    15 | D:1      | Learned a level 1 spell: Animate Skeleton
    18 | D:1      | Reached skill level 5 in Necromancy
   266 | D:1      | Reached XP level 2. HP: 15/15 MP: 6/8
  1317 | D:2      | Found a stormy altar of Qazlal.
  1318 | D:2      | Reached XP level 3. HP: 14/19 MP: 8/10
  1336 | D:2      | Succumbed to an adder's poison

Skill      XL: |  1  2  3 |
---------------+----------+-----
Necromancy     | 5 |  5.7
Spellcasting   | 4 |  4.1
Dodging        | |  2.5
Stealth        | |  2.6

Action                   || total
-------------------------++-------
Melee: Dagger            ||     2
 Cast: Pain              ||    37
       Animate Skeleton  ||    12
  Use: Scroll            ||     3
       Potion            ||     2
  Eat: Chunk             ||     1
Armor: Robe              ||     7
Dodge: Dodged            ||    31
